HSSL
MADAWASKA VALLEY HS WOLVES @ SHELBY HS ROCKETS
04/08/2023
 
TOP OF THE 1ST
Madawaska Valley HS Wolves batting - Pitching for Shelby HS Rockets : RHP Max Briggs
Pitching: RHP Max Briggs
Batting: LHB Nick Moss 0-0: Ball
1-0: Swinging Strike
1-1: Ball
2-1: Ball
3-1: Called Strike
3-2: Foul Ball, location: 2F
3-2: Foul Ball, location: 2F
3-2: Base on Balls
Batting: RHB Jim Turner 0-0: Ball
1-0: Ball
2-0: Called Strike
2-1: Ground out 4-3 (Groundball, 4M)
Nick Moss to second
Batting: RHB Tom Rowe 0-0: Called Strike
0-1: Foul Ball, location: 2F
0-2: Ball
1-2: Foul Ball, location: 2F
1-2: Strikes out looking
Batting: LHB John Clark 0-0: Called Strike
0-1: Foul Ball, location: 2F
0-2: Ball
1-2: Ball
2-2: Strikes out swinging
Top of the 1st over - 0 run(s), 0 hit(s), 0 error(s), 1 left on base; Madawaska Valley HS 0 - Shelby HS 0
BOTTOM OF THE 1ST
Shelby HS Rockets batting - Pitching for Madawaska Valley HS Wolves : LHP Joaquín Carrión
Pitching: LHP Joaquín Carrión
Batting: RHB Scotty Hicks 0-0: Called Strike
0-1: Ball
1-1: Ball
2-1: SINGLE (Line Drive, 56)
Batting: SHB Woody Stanley 0-0: Ball
1-0: Grounds into double play, 5-4-3 (Groundball, 56)
Batting: RHB Fernando Vargas 0-0: Swinging Strike
0-1: Foul Ball, location: 2F
0-2: Strikes out swinging
Bottom of the 1st over - 0 run(s), 1 hit(s), 0 error(s), 0 left on base; Madawaska Valley HS 0 - Shelby HS 0
TOP OF THE 2ND
Madawaska Valley HS Wolves batting - Pitching for Shelby HS Rockets : RHP Max Briggs
Batting: RHB Hubert MacDonald 0-0: Ball
1-0: Swinging Strike
1-1: Ball
2-1: Ball
3-1: Foul Ball, location: 2F
3-2: Base on Balls
Batting: RHB Aaron Duncan 0-0: Called Strike
0-1: Called Strike
0-2: Ball
1-2: Fly out, F4 (Line Drive, 4M)
Batting: LHB Ronald Wallace 0-0: Ball
1-0: Called Strike
1-1: Ball
2-1: Foul Ball, location: 2F
2-2: Strikes out swinging
Batting: LHB Sam Clay 0-0: Ball
1-0: Called Strike
1-1: Ball
2-1: Fly out, F8 (Flyball, 8LM)
Top of the 2nd over - 0 run(s), 0 hit(s), 0 error(s), 1 left on base; Madawaska Valley HS 0 - Shelby HS 0
BOTTOM OF THE 2ND
Shelby HS Rockets batting - Pitching for Madawaska Valley HS Wolves : LHP Joaquín Carrión
Batting: RHB Tommy Davenport 0-0: Ball
1-0: SINGLE (Line Drive, 56)
Batting: RHB Jake Erickson 0-0: Hit by Pitch
Tommy Davenport to second
Batting: RHB Rich Crabtree 0-0: Called Strike
0-1: Grounds into double play, U4-3 (Groundball, 4M)
Tommy Davenport to third
Batting: SHB Cornell Payne 0-0: Fly out, F4 (Popup, 4D)
Bottom of the 2nd over - 0 run(s), 1 hit(s), 0 error(s), 1 left on base; Madawaska Valley HS 0 - Shelby HS 0
TOP OF THE 3RD
Madawaska Valley HS Wolves batting - Pitching for Shelby HS Rockets : RHP Max Briggs
Batting: RHB Jeff Shephard 0-0: Ball
1-0: Foul Ball, location: 2F
1-1: Foul Ball, location: 2F
1-2: Ball
2-2: Strikes out swinging
Batting: LHB Nick Moss 0-0: SINGLE (Line Drive, 8RS)
Batting: RHB Jim Turner 0-0: Ball
1-0: Called Strike
1-1: Ball
2-1: Ball
Wild Pitch!
Nick Moss to second
3-1: Base on Balls
Batting: RHB Tom Rowe 0-0: Ground out 3-1 (Groundball, 34)
Nick Moss to third
Jim Turner to second
Batting: LHB John Clark 0-0: Called Strike
0-1: Called Strike
0-2: Ground out 5-3 (Groundball, 56S)
Top of the 3rd over - 0 run(s), 1 hit(s), 0 error(s), 2 left on base; Madawaska Valley HS 0 - Shelby HS 0
BOTTOM OF THE 3RD
Shelby HS Rockets batting - Pitching for Madawaska Valley HS Wolves : LHP Joaquín Carrión
Batting: RHB Don Jackson 0-0: Ball
1-0: Foul Ball, location: 2F
1-1: Ball
2-1: Ball
3-1: Swinging Strike
3-2: Strikes out looking
Batting: RHB John Pineau 0-0: Ground out 6-3 (Groundball, 6M)
Batting: RHB Scotty Hicks 0-0: Called Strike
0-1: SINGLE (Line Drive, 6MD)
Batting: SHB Woody Stanley 0-0: Called Strike
0-1: Fly out, F2 (Popup, 2L)
Bottom of the 3rd over - 0 run(s), 1 hit(s), 0 error(s), 1 left on base; Madawaska Valley HS 0 - Shelby HS 0
TOP OF THE 4TH
Madawaska Valley HS Wolves batting - Pitching for Shelby HS Rockets : RHP Max Briggs
Batting: RHB Hubert MacDonald 0-0: DOUBLE (Line Drive, 5L)
Batting: RHB Aaron Duncan 0-0: Ball
1-0: Called Strike
1-1: Ball
2-1: Foul Ball, location: 2F
2-2: Fly out, F7 (Flyball, 78S)
Batting: LHB Ronald Wallace 0-0: Ball
1-0: Called Strike
1-1: Swinging Strike
1-2: Ball
2-2: Strikes out swinging
Batting: LHB Sam Clay 0-0: Ball
1-0: Called Strike
1-1: Ball
2-1: Ball
3-1: Base on Balls
Batting: RHB Jeff Shephard 0-0: Foul Ball, location: 2F
0-1: Ball
1-1: Ball
2-1: Foul Ball, location: 2F
2-2: Strikes out looking
Top of the 4th over - 0 run(s), 1 hit(s), 0 error(s), 2 left on base; Madawaska Valley HS 0 - Shelby HS 0
BOTTOM OF THE 4TH
Shelby HS Rockets batting - Pitching for Madawaska Valley HS Wolves : LHP Joaquín Carrión
Batting: RHB Fernando Vargas 0-0: Called Strike
0-1: Ground out 4-3 (Groundball, 4)
Batting: RHB Tommy Davenport 0-0: Ball
1-0: Ball
2-0: Ball
3-0: Base on Balls
Batting: RHB Jake Erickson 0-0: Called Strike
0-1: Ball
1-1: Foul Ball, location: 2F
1-2: Ball
2-2: SINGLE (Groundball, 56D) (infield hit)
Tommy Davenport to second
Batting: RHB Rich Crabtree 0-0: Fly out, F9 (Flyball, 89M)
Batting: SHB Cornell Payne 0-0: Foul Ball, location: 2F
0-1: Ball
1-1: Ball
2-1: Ball
3-1: Fly out, F8 (Flyball, 8LM)
Bottom of the 4th over - 0 run(s), 1 hit(s), 0 error(s), 2 left on base; Madawaska Valley HS 0 - Shelby HS 0
TOP OF THE 5TH
Madawaska Valley HS Wolves batting - Pitching for Shelby HS Rockets : RHP Max Briggs
Batting: LHB Nick Moss 0-0: Ball
1-0: Ball
2-0: Ball
3-0: Base on Balls
Pitching: RHP Brandon Davis
Batting: RHB Jim Turner 0-0: Ball
1-0: SINGLE (Groundball, 3L)
Nick Moss to second
Runner from 2nd tries for 3rd, SAFE, no throw or cutoff
Batting: RHB Tom Rowe 0-0: Swinging Strike
0-1: Foul Ball, location: 2F
0-2: Fly out, F4 (Popup, 4D)
Batting: LHB John Clark 0-0: Called Strike
0-1: Grounds into double play, 4-6-3 (Groundball, 34)
Top of the 5th over - 0 run(s), 1 hit(s), 0 error(s), 1 left on base; Madawaska Valley HS 0 - Shelby HS 0
BOTTOM OF THE 5TH
Shelby HS Rockets batting - Pitching for Madawaska Valley HS Wolves : LHP Joaquín Carrión
Batting: RHB Don Jackson 0-0: Called Strike
0-1: Fly out, F6 (Popup, 6D)
Batting: RHB John Pineau 0-0: Swinging Strike
0-1: Ball
1-1: Ground out 5-3 (Groundball, 5)
Batting: RHB Scotty Hicks 0-0: Ball
1-0: SINGLE (Line Drive, 8RS)
Batting: SHB Woody Stanley 0-0: SINGLE (Groundball, 56D)
Scotty Hicks to second
Throwing error, E7
Scotty Hicks scores
Woody Stanley to second
Batting: RHB Fernando Vargas 0-0: Ball
1-0: Foul Ball, location: 2F
1-1: Called Strike
1-2: Foul Ball, location: 2F
1-2: Foul Ball, location: 2F
1-2: Foul Ball, location: 2F
1-2: Fly out, F3 (Popup, 3F)
Bottom of the 5th over - 1 run(s), 2 hit(s), 1 error(s), 1 left on base; Madawaska Valley HS 0 - Shelby HS 1
TOP OF THE 6TH
Madawaska Valley HS Wolves batting - Pitching for Shelby HS Rockets : RHP Brandon Davis
Batting: RHB Hubert MacDonald 0-0: Ball
1-0: Reached on error, E5 (Groundball, 56)
Batting: RHB Aaron Duncan 0-0: Called Strike
0-1: Ball
1-1: Ball
2-1: Called Strike
2-2: Ground out 5-3 (Groundball, 6)
Hubert MacDonald to second
Batting: LHB Ronald Wallace 0-0: Foul Ball, location: 2F
0-1: Ball
1-1: Ball
2-1: Ground out 5-3 (Groundball, 5S)
Hubert MacDonald to third
Batting: LHB Sam Clay 0-0: Ground out 5-3 (Groundball, 5L)
Top of the 6th over - 0 run(s), 0 hit(s), 1 error(s), 1 left on base; Madawaska Valley HS 0 - Shelby HS 1
BOTTOM OF THE 6TH
Shelby HS Rockets batting - Pitching for Madawaska Valley HS Wolves : LHP Joaquín Carrión
Batting: RHB Tommy Davenport 0-0: Called Strike
0-1: Ball
1-1: Foul Ball, location: 2F
1-2: Ball
2-2: Foul Ball, location: 2F
2-2: Ball
3-2: Ground out 5-3 (Groundball, 56)
Batting: RHB Jake Erickson 0-0: Fly out, F5 (Popup, 5SF)
Batting: RHB Rich Crabtree 0-0: Ball
1-0: Ball
2-0: Foul Ball, location: 2F
2-1: Ground out 6-3 (Groundball, 6M)
Bottom of the 6th over - 0 run(s), 0 hit(s), 0 error(s), 0 left on base; Madawaska Valley HS 0 - Shelby HS 1
TOP OF THE 7TH
Madawaska Valley HS Wolves batting - Pitching for Shelby HS Rockets : RHP Brandon Davis
Pitching: LHP Gonzalo Tobías
Batting: RHB Jeff Shephard 0-0: Ball
1-0: Called Strike
1-1: Ball
2-1: Ball
3-1: Called Strike
3-2: Strikes out looking
Batting: LHB Nick Moss 0-0: Foul Ball, location: 2F
0-1: Reached on error, E4 (Groundball, 4)
Batting: RHB Jim Turner 0-0: Foul Ball, location: 2F
0-1: Ball
1-1: Swinging Strike
1-2: DOUBLE (Line Drive, 9LM)
Nick Moss to third
Runner from 3rd tries for Home, SAFE, no throw or cutoff
Batting: RHB Tom Rowe 0-0: Intentional Walk
Batting: LHB John Clark 0-0: Fly out, F7 (Flyball, 78M)
Batting: RHB Hubert MacDonald 0-0: Ball
1-0: Foul Ball, location: 2F
1-1: Called Strike
1-2: Foul Ball, location: 2F
1-2: Strikes out swinging
Top of the 7th over - 1 run(s), 1 hit(s), 1 error(s), 2 left on base; Madawaska Valley HS 1 - Shelby HS 1
BOTTOM OF THE 7TH
Shelby HS Rockets batting - Pitching for Madawaska Valley HS Wolves : LHP Joaquín Carrión
Batting: SHB Cornell Payne 0-0: Ball
1-0: Ball
2-0: Called Strike
2-1: Ball
3-1: Called Strike
3-2: Strikes out swinging, 2-3 out at first.
Batting: RHB Don Jackson 0-0: Fly out, F9 (Flyball, 9M)
Batting: RHB John Pineau 0-0: Foul Ball, location: 2F
0-1: Called Strike
0-2: Strikes out swinging
Bottom of the 7th over - 0 run(s), 0 hit(s), 0 error(s), 0 left on base; Madawaska Valley HS 1 - Shelby HS 1
TOP OF THE 8TH
Madawaska Valley HS Wolves batting - Pitching for Shelby HS Rockets : LHP Gonzalo Tobías
Batting: RHB Aaron Duncan 0-0: Ball
1-0: Ball
2-0: Swinging Strike
2-1: SINGLE (Flyball, 9LM)
Batting: LHB Ronald Wallace 0-0: Ball
1-0: Grounds into double play, 4-6-3 (Groundball, 4)
Batting: LHB Sam Clay 0-0: SOLO HOME RUN (Flyball, 78XD), Distance : 436 ft
Batting: RHB Jeff Shephard 0-0: Ball
1-0: Ball
2-0: Foul Ball, location: 2F
2-1: Foul Ball, location: 2F
2-2: Ball
3-2: Base on Balls
Batting: LHB Nick Moss 0-0: Hit by Pitch
Jeff Shephard to second
Batting: RHB Jim Turner 0-0: Called Strike
0-1: Ball
1-1: Fly out, F6 (Popup, 5L)
Top of the 8th over - 1 run(s), 2 hit(s), 0 error(s), 2 left on base; Madawaska Valley HS 2 - Shelby HS 1
BOTTOM OF THE 8TH
Shelby HS Rockets batting - Pitching for Madawaska Valley HS Wolves : LHP Joaquín Carrión
Pitching: RHP Earnest Bernhardt
Now at C: Wilson Bray
Batting: RHB Scotty Hicks 0-0: Fly out, F8 (Flyball, 8LS)
Pitching: LHP Tim Davidson
Batting: SHB Woody Stanley 0-0: Called Strike
0-1: Ball
1-1: SINGLE (Flyball, 8RS)
Pitching: RHP Arthur Melton
Batting: RHB Fernando Vargas 0-0: Ball
1-0: Called Strike
1-1: Swinging Strike
1-2: Ball
2-2: Strikes out looking
Batting: RHB Tommy Davenport 0-0: Called Strike
0-1: Ball
1-1: Ball
2-1: SINGLE (Line Drive, 4M)
Woody Stanley to second
Batting: RHB Jake Erickson 0-0: Ball
1-0: Ball
2-0: Ball
3-0: Base on Balls
Woody Stanley to third
Tommy Davenport to second
Batting: RHB Rich Crabtree 0-0: Fly out, F7 (Flyball, 7LM)
Bottom of the 8th over - 0 run(s), 2 hit(s), 0 error(s), 3 left on base; Madawaska Valley HS 2 - Shelby HS 1
TOP OF THE 9TH
Madawaska Valley HS Wolves batting - Pitching for Shelby HS Rockets : LHP Gonzalo Tobías
Pitching: RHP Eddy Jackson
Batting: RHB Tom Rowe 0-0: Ball
1-0: Called Strike
1-1: Ball
2-1: Called Strike
2-2: Ball
3-2: Base on Balls
Batting: LHB John Clark 0-0: Ball
1-0: Fielders Choice at 2nd, 6-4 (Groundball, 6M)
Batting: RHB Hubert MacDonald 0-0: Called Strike
0-1: Foul Ball, location: 2F
0-2: Ball
1-2: Foul Ball, location: 2F
1-2: SINGLE (Groundball, 6MD)
John Clark to second
Batting: RHB Aaron Duncan 0-0: Called Strike
0-1: Ball
1-1: Ball
2-1: Fly out, F8 (Line Drive, 8LM)
Batting: LHB Ronald Wallace 0-0: Foul Ball, location: 2F
0-1: Foul Ball, location: 2F
0-2: Ball
1-2: Ball
2-2: Foul Ball, location: 2F
2-2: Ball
3-2: Base on Balls
John Clark to third
Hubert MacDonald to second
Batting: LHB Sam Clay 0-0: Ball
1-0: Foul Ball, location: 2F
1-1: Called Strike
1-2: Ground out 5-3 (Groundball, 5S)
Top of the 9th over - 0 run(s), 1 hit(s), 0 error(s), 3 left on base; Madawaska Valley HS 2 - Shelby HS 1
BOTTOM OF THE 9TH
Shelby HS Rockets batting - Pitching for Madawaska Valley HS Wolves : RHP Arthur Melton
Pitching: LHP Ernesto Pérez
Now at SS: José Maldonado
Batting: SHB Cornell Payne 0-0: Ball
1-0: Ball
2-0: Ground out 4-3 (Groundball, 4)
Batting: RHB Don Jackson 0-0: Ball
1-0: Ball
2-0: Called Strike
2-1: Ball
3-1: Base on Balls
Batting: RHB John Pineau 0-0: Ball
1-0: Ball
2-0: Fly out, F8 (Flyball, 8RM)
Batting: RHB Scotty Hicks 0-0: Foul Ball, location: 2F
0-1: Foul Ball, location: 2F
0-2: Foul Ball, location: 2F
0-2: Ball
1-2: Ball
2-2: Strikes out looking
Bottom of the 9th over - 0 run(s), 0 hit(s), 0 error(s), 1 left on base; Madawaska Valley HS 2 - Shelby HS 1
This league is powered by Out of the Park Baseball, the baseball management simulation game for PC, Mac and Linux
Wednesday, December 2nd, 2015 - OOTP Baseball 16.8 Build 38